 Dungeon Crawl Stone Soup version 0.17-a0-764-gd40c196 (webtiles) character file.

9951 Raurakos the Covert (level 11, -1/55 HPs)
             Began as a Vine Stalker Assassin on Apr 22, 2015.
             Was a Priest of Dithmenos.
             Slain by a minotaur
             ... wielding a +4 glaive of protection
              (27 damage)
             ... in a labyrinth on Apr 23, 2015.
             The game lasted 00:55:11 (8935 turns).

Raurakos the Covert (Vine Stalker Assassin)         Turns: 8935, Time: 00:55:11

Health: -1/55      AC: 20    Str: 15    XL:     11   Next: 54%
Magic:  0/12       EV: 15    Int: 11    God:    Dithmenos [***...]
Gold:   569        SH:  0    Dex: 18    Spells: 0 memorised, 10 levels left

rFire  . . .     SeeInvis .     o - +4 dagger (venom)
rCold  . . .     Clarity  .     K - quicksilver dragon armour
rNeg   . . .     SustAb   .     (no shield)
rPois  +         Gourm    .     c - +0 helmet
rElec  .         Spirit   +     N - +2 cloak
rCorr  +         Warding  .     Y - +1 pair of gloves
rMut   .         Stasis   .     m - +0 pair of boots
MR     +++..                    Q - amulet of resist corrosion
Stlth  ++++++....               x - ring of poison resistance
                                D - ring of protection from magic

@: wreathed by umbra, extremely resistant to hostile enchantments, very stealthy
A: fangs 3, regeneration 2, shaggy fur 1, magic shield, antimagic bite, no
device heal 3, rot immunity
a: Shadow Step, Renounce Religion


You were in a labyrinth.
You worshipped Dithmenos.
Dithmenos was most pleased with you.
You were not hungry.

You visited 3 branches of the dungeon, and saw 12 of its levels.
You also visited: Labyrinth and Sewer.

You collected 569 gold pieces.

Inventory:

Hand weapons
 a - a +2 dagger of draining
 b - a +0 blowgun
 o - a +4 dagger of venom (weapon)
 T - a +0 rapier of electrocution
Missiles
 e - 4 poisoned needles
 i - 16 stones (quivered)
 k - 2 needles of frenzy
 p - 5 needles of confusion
 q - 8 silver javelins
 O - 7 curare-tipped needles
Armour
 c - a +0 helmet (worn)
 m - a +0 pair of boots (worn)
 K - a quicksilver dragon armour (worn)
 N - a +2 cloak (worn)
 W - a +0 buckler
 Y - a +1 pair of gloves (worn)
Jewellery
 v - an uncursed ring of ice
 x - a ring of poison resistance (right hand)
 D - a ring of protection from magic (left hand)
 Q - an amulet of resist corrosion (around neck)
 V - a +3 ring of intelligence
Magical devices
 t - a wand of draining (10)
 y - a wand of paralysis (13)
 G - a wand of cold (9)
Scrolls
 f - 3 scrolls of teleportation
 h - 2 scrolls of magic mapping
 n - 2 scrolls of fear
 u - 5 scrolls of remove curse
 B - a scroll of fog {unknown}
 F - a scroll of immolation {unknown}
 H - 4 scrolls of blinking {unknown}
 I - 2 scrolls of recharging {unknown}
 X - a scroll of vulnerability {unknown}
Potions
 d - a potion of invisibility {unknown}
 l - 3 potions of haste
 r - 2 potions of curing
 s - 4 potions of agility
 w - 2 potions of might
 A - 2 potions of restore abilities
 L - a potion of degeneration {unknown}
 M - a potion of ambrosia {unknown}
 U - a potion of lignification {unknown}
Comestibles
 g - 8 bread rations


   Skills:
 - Level 5.0 Fighting
 - Level 10.0 Short Blades
 - Level 2.0 Throwing
 - Level 5.1 Armour
 - Level 7.0 Dodging
 + Level 11.2 Stealth


You had 10 spell levels left.
You didn't know any spells.

Dungeon Overview and Level Annotations

Branches:
Dungeon (9/15)             Temple (1/1) D:5            Lair (2/8) D:9
    Orc (0/4) D:9

Altars:
Ashenzari
Cheibriados
Dithmenos
Elyvilon
Fedhas
Gozag
Kikubaaqudgha
Makhleb
Nemelex Xobeh
Okawaru
Qazlal
Ru
Sif Muna
Trog
Vehumet
Xom
Yredelemnul
Zin
The Shining One


Innate Abilities, Weirdness & Mutations

You have razor-sharp teeth.
You heal very quickly.
You are covered in fur (AC +1).
When hurt, damage is shared between your health and your magic reserves.
Your bite disrupts and absorbs the magic of your enemies.
Potions and wands cannot restore your health.
You are immune to rotting.


Message History

The minotaur is moderately wounded.
The minotaur hits you with a glaive of protection.
The minotaur gores you but does no damage.
You hit the minotaur but do no damage.
The minotaur is heavily wounded.
You hit the minotaur but do no damage.
The minotaur is heavily wounded.
The minotaur hits you with a glaive of protection!
The minotaur closely misses you.
You hit the minotaur but do no damage.
The minotaur is heavily wounded.
You hit the minotaur but do no damage. You bite the minotaur.
You drain its power.
You feel invigorated.
The minotaur is heavily wounded.
You barely miss the minotaur. Your bite misses the minotaur.
The minotaur is heavily wounded.
The minotaur hits you with a glaive of protection.
The minotaur gores you!
The minotaur hits you from afar with a glaive of protection!!
You die...

. . . ###
## . #...
... #.
.... .. .
### .
.### ## #
. # #....
# # .
.#.###.#
# . # #
#.#<#.
#..
#@#.#.# #
#.#.# #.#
# # .
#.#.H.#.#
#.#####.#
#... ...#
## ## ###
.


You could see a minotaur.

Vanquished Creatures
  2 komodo dragons
  3 spiny frogs
  A kobold demonologist (D:8)
  A troll (D:8)
  Prince Ribbit (D:6)
  2 trapdoor spiders (Lab)
  A spriggan (D:8)
  A wyvern (D:8)
  9 yaks
  3 hippogriffs
  4 wolves
  2 humans (D:7)
  A warg (D:9)
  A water moccasin (Lair:1)
  A phantom (D:7)
  A porcupine (Lair:1)
  4 orc warriors (D:9)
  An eye of draining (D:8)
  7 ogres
  2 sky beasts
  5 centaurs
  4 big kobolds
  8 giant frogs
  4 crocodiles (Lair:1)
  A wyvern skeleton (D:9)
  2 scorpions
  6 orc wizards
  2 giant frog skeletons
  5 crimson imps
  5 hounds
  6 orc priests
  Ijyb (D:2)
  A giant frog zombie (D:7)
  3 iguanas
  2 jellies
  Terence (D:2)
  5 worker ants
  A hound skeleton (D:4)
  A hound zombie (D:9)
  17 adders
  A worker ant zombie (D:5)
  5 gnolls
  2 shadow imps
  A white imp (D:9)
  5 oozes
  2 adder zombies
  4 worms
  6 giant geckos
  34 orcs
  7 ball pythons
  4 giant cockroaches (D:3)
  14 goblins
  22 hobgoblins
  19 jackals
  29 kobolds
  5 quokkas
  16 bats
  2 giant gecko zombies
  A giant newt (D:2)
  A giant spore (D:9)
  2 gnoll zombies (D:4)
  A goblin skeleton (D:9)
  3 hobgoblin zombies (D:9)
  A kobold skeleton (D:9)
  A kobold zombie (D:9)
  An orc skeleton (D:9)
  An orc zombie (D:9)
  17 rats
  14 ballistomycetes (D:9)
349 creatures vanquished.

Vanquished Creatures (others)
  A giant spore (D:9)
1 creature vanquished.

Grand Total: 350 creatures vanquished

Notes
Turn   | Place    | Note
--------------------------------------------------------------
     0 | D:1      | Raurakos, the Vine Stalker Assassin, began the quest for the Orb.
     0 | D:1      | Reached XP level 1. HP: 11/11 MP: 2/2
    93 | D:1      | Reached skill level 5 in Stealth
   239 | D:1      | Reached XP level 2. HP: 15/15 MP: 3/3
   294 | D:1      | Reached skill level 1 in Short Blades
   545 | D:1      | Reached XP level 3. HP: 18/18 MP: 4/4
   945 | D:2      | Noticed Ijyb
  1114 | D:2      | Killed Ijyb
  1114 | D:2      | Reached XP level 4. HP: 20/23 MP: 5/5
  1239 | D:2      | Found a glowing silver altar of Zin.
  1412 | D:2      | Noticed Terence
  1457 | D:2      | Killed Terence
  1457 | D:2      | Reached XP level 5. HP: 26/26 MP: 6/6
  1494 | D:2      | Reached skill level 1 in Dodging
  1982 | D:3      | Gained mutation: You heal very quickly. [Vine Stalker growth]
  1982 | D:3      | Reached XP level 6. HP: 30/30 MP: 7/7
  1985 | D:3      | Found a shimmering altar of Xom.
  2105 | D:3      | Found a glowing drain.
  2127 | D:3      | Reached skill level 5 in Short Blades
  2147 | Sewer    | Entered a sewer
  2242 | Sewer    | Reached XP level 7. HP: 30/35 MP: 8/8
  2636 | D:3      | Found a bloodstained altar of Trog.
  3373 | D:4      | Reached skill level 5 in Dodging
  3441 | D:4      | Gained mutation: You have razor-sharp teeth. [Vine Stalker growth]
  3441 | D:4      | Reached XP level 8. HP: 39/39 MP: 9/9
  3543 | D:4      | Found a basalt altar of Yredelemnul.
  3605 | D:5      | Entered Level 5 of the Dungeon
  3733 | D:5      | Upgraded the game from 0.17-a0-755-g4391640 to 0.17-a0-764-gd40c196
  3812 | D:5      | Reached skill level 6 in Stealth
  3884 | D:5      | Reached skill level 7 in Stealth
  3958 | D:5      | Found an opulent altar of Gozag.
  4112 | D:5      | Reached skill level 8 in Stealth
  4116 | D:5      | Found a staircase to the Ecumenical Temple.
  4125 | Temple   | Entered the Ecumenical Temple
  4388 | D:6      | Found a shimmering altar of Xom.
  4582 | D:6      | Reached skill level 9 in Stealth
  4658 | D:6      | Noticed Prince Ribbit
  4865 | D:6      | Reached skill level 10 in Stealth
  4933 | D:6      | Reached XP level 9. HP: 36/42 MP: 10/10
  5146 | D:6      | Killed Prince Ribbit
  5266 | D:7      | Found a shadowy altar of Dithmenos.
  5273 | D:7      | Became a worshipper of Dithmenos the Shadowed
  5438 | D:7      | Found an iron altar of Okawaru.
  5457 | D:7      | Reached skill level 1 in Armour
  5580 | D:7      | Found an ancient bone altar of Kikubaaqudgha.
  5880 | D:8      | Noticed a kobold demonologist
  5898 | D:8      | Killed a kobold demonologist
  5906 | D:8      | Reached XP level 10. HP: 46/46 MP: 11/11
  5912 | D:8      | Reached skill level 5 in Armour
  5992 | D:8      | Found a deep blue altar of Sif Muna.
  6405 | D:9      | Found a staircase to the Lair.
  6416 | D:8      | Reached skill level 5 in Fighting
  6472 | D:9      | Found a stormy altar of Qazlal.
  6476 | D:9      | Found an opulent altar of Gozag.
  6499 | D:9      | Acquired Dithmenos's first power
  6620 | D:9      | Found a staircase to the Orcish Mines.
  6869 | D:9      | Found a shattered altar of Ashenzari.
  7125 | D:9      | Found a glowing golden altar of the Shining One.
  7675 | Lair:1   | Entered Level 1 of the Lair of Beasts
  7801 | Lair:1   | Acquired Dithmenos's second power
  7801 | Lair:1   | Reached XP level 11. HP: 55/55 MP: 12/12
  8389 | Lair:1   | Reached skill level 10 in Short Blades
  8600 | Lair:2   | Found a labyrinth entrance.
  8633 | Lab      | Entered a labyrinth
  8781 | Lab      | Reached skill level 11 in Stealth
  8920 | Lab      | Noticed a minotaur
  8935 | Lab      | Slain by a minotaur

Action                   |  1- 3 |  4- 6 |  7- 9 | 10-12 || total
-------------------------+-------+-------+-------+-------++-------
Melee: Dagger            |    90 |   132 |    41 |   176 ||   439
       Short sword       |       |       |   423 |   312 ||   735
       Rapier            |       |       |     7 |     9 ||    16
 Fire: Blowgun           |     4 |    47 |    14 |       ||    65
Throw: Stone             |     8 |    20 |    58 |     4 ||    90
  Use: Scroll            |       |       |    11 |     3 ||    14
 Stab: Sleeping          |     3 |    13 |    17 |    15 ||    48
       Distracted        |       |       |       |     2 ||     2
  Eat: Chunk             |     1 |     3 |    13 |     9 ||    26
       Beef jerky        |       |       |       |     1 ||     1
